AoeStats
← 雙子座ovu/6

Arabia

508614618Analyzed
1v1 RM · 9d ago on Sep 23, 2026· 49m 26s· 2 players
Game mode
Random Map
Map size
Tiny (2 player)
Population
200
Speed
Normal
Resources
Standard
Victory
Conquest
Starting age
Dark Age
Ending age
Imperial Age
RankedLock teamsTeams togetherTeam positionsShared explorationLock speedFull tech treeHidden civsTurbo modeCheats
Victory
Defeat
🇹🇼 Vietnamese · Taiwan
478
+9
🇦🇺 Britons · Australia
322
-9
mattyutz
5:34 Loom
12:07 Feudal Age
16:19 Horse Collar
20:46 Wheelbarrow
23:19 Castle Age
20:51 Man-at-Arms
23:53 Fletching
24:04 Scale Mail Armor
24:11 Scale Barding Armor
24:17 Forging
24:52 Long Swordsman
25:48 Double-Bit Axe
27:02 Gambesons
28:47 Bow Saw
29:05 Heavy Plow
29:16 Arson
31:14 Wheelbarrow
31:12 Crossbowman
32:19 Gold Mining
32:19 Stone Mining
32:57 Husbandry
33:29 Pikeman
34:10 Squires
33:56 Elite Skirmisher
37:42 Yeomen
39:57 Imperial Age
39:56 Gold Shaft Mining
40:21 Arbalester
41:09 Bodkin Arrow
41:15 Padded Archer Armor
41:31 Chain Mail Armor
41:37 Chain Barding Armor
40:41 Capped Ram
42:33 Conscription
42:23 Two-Handed Swordsman
43:55 Cavalier
46:05 Two-Handed Swordsman
雙子座ovu/6
12:46 Feudal Age
14:42 Double-Bit Axe
14:43 Horse Collar
17:52 Loom
20:13 Castle Age
21:23 Bow Saw
21:15 Heavy Plow
22:58 Elite Skirmisher
25:39 Thumb Ring
27:58 Fletching
28:09 Padded Archer Armor
29:53 Bodkin Arrow
30:13 Leather Archer Armor
35:49 Imperial Age
36:00 Imperial Age
34:58 Ballistics
36:03 Imperial Skirmisher
37:08 Paper Money
37:28 Hoardings
39:07 Two-Man Saw
38:40 Crop Rotation
39:49 Chemistry
40:56 Bracer
41:26 Ring Archer Armor
Connection lost

Rejoining the realm…

Still unreachable

The connection could not be restored.

Session expired

The server has moved on; the page needs a fresh start.